 Dungeon Crawl Stone Soup version 0.29.1-14-g9c671dbff4 (webtiles) character file.

Game seed: 10490639751286515706

1680 duckineer the Skirmisher (level 9, 54/54 HPs)
             Began as a Kobold Hunter on Feb 18, 2023.
             Quit the game on level 6 of the Dungeon.
             The game lasted 00:40:15 (6141 turns).

duckineer the Skirmisher (Kobold Hunter)            Turns: 6141, Time: 00:40:16

Health: 54/54      AC:  6    Str:  8    XL:     9   Next: 21%
Magic:  9/9        EV: 16    Int: 11    God:
Gold:   305        SH:  0    Dex: 22    Spells: 8/8 levels left

rFire   . . .      SeeInvis .   a - +0 shortbow
rCold   . . .      Faith    .   (shield currently unavailable)
rNeg    . . .      Spirit   .   c - +0 leather armour
rPois   .          Reflect  .   (no helmet)
rElec   .          Harm     .   (no cloak)
rCorr   .          Rampage  .   g - +2 pair of gloves
Will    .....                   (no boots)
Stlth   ++++......              h - amulet of regeneration
HPRegen 0.98/turn               (no ring)
MPRegen 0.11/turn               (no ring)

@: no status effects
A: small, no large weapons, nightstalker 3
a: no special abilities


You were on level 6 of the Dungeon.
You visited 1 branch of the dungeon, and saw 6 of its levels.

You collected 305 gold pieces.

Inventory:

Hand Weapons
 a - a +0 shortbow (weapon)
Armour
 c - a +0 leather armour (worn)
 g - a +2 pair of gloves (worn)
Jewellery
 h - an amulet of regeneration (around neck)
Wands
 s - a wand of paralysis (21)
 B - a wand of mindburst (15)
 C - a wand of flame (10)
 D - a wand of roots (6)
Scrolls
 b - a scroll of immolation
 d - a scroll of vulnerability {unknown}
 e - 2 scrolls of amnesia
 f - a scroll of blinking
 i - a scroll of poison {unknown}
 j - 3 scrolls of magic mapping
 l - a scroll of silence {unknown}
 n - 3 scrolls of noise
 o - 3 scrolls of teleportation
 p - a scroll of enchant weapon {unknown}
 q - 3 scrolls of fog
 t - 3 scrolls of identify
 v - a scroll of fear {unknown}
 y - a scroll of enchant armour {unknown}
Potions
 k - a potion of degeneration
 m - 3 potions of curing
 r - a potion of lignification
 u - a potion of cancellation {unknown}
 w - a potion of resistance {unknown}
 x - a potion of attraction {unknown}
 z - 2 potions of flight {unknown}
 A - a potion of haste {unknown}


   Skills:
 + Level 5.5 Fighting
 + Level 12.5 Ranged Weapons
 + Level 2.5 Armour
 + Level 4.2 Dodging
 + Level 3.2 Stealth


You had 8 spell levels left.
You didn't know any spells.
Your spell library contained the following spells:

 Spells                   Type           Power      Damage    Failure   Level
 Poisonous Vapours        Pois/Air       0%         N/A       58%         2
 Gell's Gravitas          Tloc           0%         N/A       83%         3
 Lesser Beckoning         Tloc           0%         N/A       83%         3
 Teleport Other           Tloc           0%         N/A       83%         3
 Corpse Rot               Necr/Pois/Air  0%         N/A       99%         4


Dungeon Overview and Level Annotations

Branches:
Dungeon (6/15)
 Temple: D:4-7

Altars:
Vehumet
The Shining One

Shops:
D:6 :*


Innate Abilities, Weirdness & Mutations

You are small and have problems with some larger weapons.
You are completely attuned to the shadows.


Message History

You shoot an arrow. The arrow closely misses the goblin.
Fire: a) +0 shortbow
Press: ? - help, Q - select action, (/) - cycle Shift-Dir - straight line, f/p - goblin
Aim: a goblin, wielding a +0 long sword and carrying a wand of flame (10) (65% to hit)
You shoot an arrow. The arrow barely misses the goblin.
Fire: a) +0 shortbow
Press: ? - help, Q - select action, (/) - cycle Shift-Dir - straight line, f/p - goblin
Aim: a goblin, wielding a +0 long sword and carrying a wand of flame (10) (65% to hit)
You shoot an arrow. The arrow hits the goblin!
You kill the goblin!
Fire: a) +0 shortbow
Press: ? - help, Q - select action, (/) - cycle Shift-Dir - straight line, f - you
Okay, then.
C - a wand of flame (10)
You see here a +0 long sword.
Found a radiant altar of Vehumet.
Found a glowing glass wand.
There is a radiant altar of Vehumet here.
You kneel at the altar of Vehumet.
D - a wand of roots (6)
j - 3 scrolls of magic mapping (gained 1)
A bullfrog comes into view.
Fire: a) +0 shortbow
Press: ? - help, Q - select action, (/) - cycle Shift-Dir - straight line, f - bullfrog
Aim: a bullfrog (wandering, hasn't noticed you, 65% to hit)
You shoot an arrow. The bullfrog gives a loud, deep croak!
The arrow hits the bullfrog!
The bullfrog is heavily wounded.
Fire: a) +0 shortbow
Press: ? - help, Q - select action, (/) - cycle Shift-Dir - straight line, f/p - bullfrog
Aim: a bullfrog (heavily wounded, 65% to hit)
You shoot an arrow. The arrow hits the bullfrog!
You kill the bullfrog!
You see here 5 stones.
Done exploring.
Saving game... please wait.
Welcome back, duckineer the Kobold Hunter.
Press ? for a list of commands and other information.
Are you sure you want to abandon this character and quit the game? (Confirm with "yes".)

.##.####.##..####.#
###.#.......## #..#
......#.########.##
#...#....# #...#
#~..#....# #.###
#~~......# #.#
#8~.)....#####.#####
#~~...........รท....#
#~..........##..@###
#...###.###........#
#.#.###.###........#
#............(.....#
............#......#
............########
................#
#...####...####.#
#.#+####..## #.##


There were no monsters in sight!

Vanquished Creatures
  A black bear (D:5)
  An ogre (D:5)
  An elf zombie (D:5)
  2 bullfrogs
  A necrophage (D:4)
  3 scorpions
  4 elf skeletons (D:5)
  A howler monkey (D:4)
  5 hounds
  2 jellies (D:5)
  2 human zombies (D:5)
  4 orc priests
  A human skeleton (D:5)
  3 iguanas
  2 orc wizards
  11 adders
  A shadow imp (D:6)
  A worm (D:4)
  2 dart slugs (D:1)
  17 orcs
  12 ball pythons
  5 endoplasms
  9 giant cockroaches
  10 goblins
  6 hobgoblins
  3 jackals (D:2)
  11 kobolds
  6 quokkas
  6 bats
  3 frilled lizards
  2 goblin skeletons (D:6)
  3 goblin zombies (D:6)
  4 hobgoblin zombies (D:6)
  3 orc skeletons
  An orc zombie (D:5)
  4 rats
153 creatures vanquished.

Vanquished Creatures (others)
  A plant (D:2)
1 creature vanquished.

Grand Total: 154 creatures vanquished

Notes
Turn   | Place    | Note
-------+----------+-------------------------------------------
     0 | D:1      | duckineer the Kobold Hunter began the quest for the Orb.
     0 | D:1      | Reached XP level 1. HP: 12/12 MP: 1/1
   185 | D:1      | Reached XP level 2. HP: 17/17 MP: 2/2
   302 | D:1      | Reached skill level 6 in Ranged Weapons
   387 | D:1      | Reached XP level 3. HP: 22/22 MP: 3/3
   981 | D:2      | Reached XP level 4. HP: 27/27 MP: 4/4
  1145 | D:2      | Reached skill level 7 in Ranged Weapons
  1511 | D:2      | Found a faded altar of an unknown god.
  2091 | D:2      | Reached XP level 5. HP: 25/31 MP: 5/5
  2421 | D:3      | Reached skill level 1 in Armour
  2456 | D:3      | Reached skill level 8 in Ranged Weapons
  2494 | D:3      | Reached XP level 6. HP: 36/36 MP: 6/6
  3362 | D:4      | Reached XP level 7. HP: 30/41 MP: 7/7
  3384 | D:3      | Reached skill level 9 in Ranged Weapons
  4274 | D:5      | Entered Level 5 of the Dungeon
  4585 | D:5      | Reached skill level 10 in Ranged Weapons
  4595 | D:5      | Reached XP level 8. HP: 48/48 MP: 8/8
  4926 | D:5      | Reached skill level 11 in Ranged Weapons
  5160 | D:5      | Reached skill level 5 in Fighting
  5160 | D:5      | Reached XP level 9. HP: 54/54 MP: 9/9
  5508 | D:5      | Reached skill level 12 in Ranged Weapons
  5595 | D:6      | Found Egetyb's Book Emporium.
  5846 | D:6      | Found a glowing golden altar of the Shining One.
  5910 | D:6      | Found Setuwn's Fire Supplies.
  6043 | D:6      | Found a radiant altar of Vehumet.
  6141 | D:6      | Quit the game

Illustrated notes

Levels and vault maps discovered:
D:1:      zaba_arrival_water, layout_rooms
D:2:      layout_basic, shapermc_ecumenical_altar_ellora,
          minmay_worlds_worst_comb
D:3:      layout_rooms, eino_tiny_chamber, chequers_arboretum, st_stairs_8
D:4:      nicolae_BIG_FREAKIN_CUBE, layout_rooms
D:5:      layout_basic, nicolae_ossuary_entry_catacombs,
          minmay_misc_feat_four_crosses, minmay_fountain_box
D:6:      layout_rooms, vehumet_altar_wand_db, nicolae_tso_besieged_by_evil,
          serial_shops, shop, kennysheep_cluttered_room, moated_statue,
          nicolae_shop_fire_sale [nicolae_sub_dead_trees]

Skill      XL: |  1  2  3  4  5  6  7  8  9 |
---------------+----------------------------+-----
Ranged Weapons | 6 7 8 10 11 12 | 12.5
Armour         | 1 2 |  2.5
Fighting       | 3 4 5 |  5.5
Dodging        | 3 4 |  4.2
Stealth        | 2 3 |  3.2

Action                   |  1- 3 |  4- 6 |  7- 9 || total
-------------------------+-------+-------+-------++-------
 Fire: Shortbow          |    60 |   173 |   283 ||   516
  Use: Scroll            |     1 |     6 |     3 ||    10
       Potion            |       |     3 |     2 ||     5
Armor: Leather armour    |     5 |    14 |    43 ||    62
       Skin              |       |    14 |     5 ||    19
Dodge: Dodged            |    22 |    92 |   128 ||   242
